 Dungeon Crawl Stone Soup version 0.25-a0-576-g50b708a4c4 (webtiles) character file.

Game seed: 8742811610060650266, levelgen mode: deterministic

1785 Flugslaktarn the Cleaver (level 8, -3/74 HPs)
             Began as a Deep Dwarf Fighter on Mar 1, 2020.
             Slain by a sky beast (4 damage)
             ... on level 7 of the Dungeon.
             The game lasted 00:02:03 (2817 turns).

Flugslaktarn the Cleaver (Deep Dwarf Fighter)       Turns: 2817, Time: 00:02:04

Health: -3/74      AC: 11    Str: 22    XL:     8   Next: 81%
Magic:  3/3        EV:  6    Int:  9    God:
Gold:   177        SH: 10    Dex: 12    Spells: 7/7 levels left

rFire    . . .     SeeInvis .   a - +0 war axe
rCold    . . .     Gourm    .   c - +0 kite shield
rNeg     . . .     Faith    .   m - +0 chain mail (curse)
rPois    .         Spirit   .   f - +0 helmet
rElec    .         Reflect  .   (no cloak)
rCorr    .         Harm     .   (no gloves)
MR       +....                  (no boots)
Stlth    ..........             (no amulet)
HPRegen  0.00/turn              g - ring of stealth
MPRegen  0.08/turn              (no ring)

@: non-regenerating, drained
A: damage resistance, heal wounds, sense surroundings 1, no regeneration
a: Heal Wounds


You were on level 7 of the Dungeon.
You were not hungry.

You visited 2 branches of the dungeon, and saw 8 of its levels.

You collected 177 gold pieces.

Inventory:

Hand Weapons
 a - a +0 war axe (weapon)
 q - a +1 battleaxe
   (You took it off a wight on level 7 of the Dungeon)
Armour
 c - a +0 kite shield (worn)
 f - a +0 helmet (worn)
   (You found it on level 4 of the Dungeon)
 m - a cursed +0 chain mail (worn)
   (You took it off an orc on level 4 of the Dungeon)
Jewellery
 g - a ring of stealth (left hand)
   (You found it on level 1 of the Dungeon)
Scrolls
 h - 3 scrolls of teleportation {unknown}
 i - 5 scrolls of identify {unknown}
 k - 2 scrolls of fear {unknown}
 l - a scroll of magic mapping {unknown}
 n - a scroll of remove curse {unknown}
 o - a scroll of blinking {unknown}
Potions
 b - a potion of degeneration {unknown}
 d - 2 potions of might
 j - a potion of brilliance {unknown}
Comestibles
 e - 7 rations
 p - 5 chunks of flesh


   Skills:
 + Level 5.3(4.2) Fighting
 * Level 8.2(7.0) Axes
 + Level 6.4(5.2) Armour
 + Level 6.4(5.3) Shields


You had 7 spell levels left.
You didn't know any spells.
Your spell library was empty.

Dungeon Overview and Level Annotations

Branches:
Dungeon (7/15)             Temple (1/1) D:4

Altars:
Ashenzari
Cheibriados
Dithmenos
Elyvilon
Fedhas
Gozag
Hepliaklqana
Kikubaaqudgha
Okawaru
Qazlal
Ru
Sif Muna
Trog
Uskayaw
Vehumet
Wu Jian
Xom
Yredelemnul
Zin
The Shining One


Innate Abilities, Weirdness & Mutations

You are resistant to damage.
You can heal yourself by infusing magical energy.
You passively map a small area around you.
You do not regenerate.


Message History

The sky beast is moderately wounded.
The sky beast flickers out of sight!
Deactivating autopickup; reactivate with Ctrl-A.
Something hits you.
* * * LOW HITPOINT WARNING * * *
Something shocks you.
* * * LOW HITPOINT WARNING * * *
You closely miss something. Something hits you but does no damage.
You fail to use your ability.
Something hits you. Something shocks you.
* * * LOW HITPOINT WARNING * * *
Unknown command.
You see here a ration.
You closely miss something. Something hits you. Something shocks you.
* * * LOW HITPOINT WARNING * * *
Something hits you but does no damage.
Unknown command.
You slash something! Something hits you.
* * * LOW HITPOINT WARNING * * *
Something shocks you.
You die...

, #.# ### , ####.### *,
#......# ##, ###
#.##.#.# , * #. , ..#
#.#....# #.. * #.#
#.#.#..# ##..####≈#
#.#....### ,
###.....##.####.#.....##
.......@{...............
, ,
###..$.....######.......
, ,, #......####
#....... #..#####
#....... , #., ##.....#
* # ####...## , *
#........ * #........
#<.......


There were no monsters in sight!

Vanquished Creatures
  Pikel (D:5)
  Grinder (D:5)
  An orc warrior (D:7)
  A slave (D:5)
  A phantom (D:4)
  A centaur (D:5)
  A bullfrog (D:6)
  5 wights (D:7)
  A howler monkey (D:4)
  2 crimson imps
  2 hounds (D:4)
  A jelly (D:7)
  An orc priest (D:7)
  An iguana (D:5)
  4 orc wizards
  2 worker ants
  A hound skeleton (D:2)
  7 gnolls
  4 adders
  A shadow imp (D:5)
  An ooze (D:2)
  2 worms
  2 dart slugs
  3 leopard geckos
  19 orcs
  2 ball pythons
  2 goblins
  3 hobgoblins (D:1)
  2 jackals (D:2)
  2 kobolds
  6 quokkas
  A bat (D:1)
  3 frilled lizards
87 creatures vanquished.

Vanquished Creatures (others)
  2 slaves (D:5)
  An orc wizard (D:5)
  An orc (D:5)
4 creatures vanquished.

Grand Total: 91 creatures vanquished

Notes
Turn   | Place    | Note
-------+----------+-------------------------------------------
     0 | D:1      | Flugslaktarn the Deep Dwarf Fighter began the quest for the
                  | Orb.
     0 | D:1      | Reached XP level 1. HP: 20/20 MP: 1/1
    75 | D:1      | Reached XP level 2. HP: 22/27 MP: 2/2
   167 | D:2      | Reached skill level 3 in Axes
   167 | D:2      | Reached XP level 3. HP: 24/33 MP: 3/3
   219 | D:3      | Reached XP level 4. HP: 38/42 MP: 4/4
   254 | D:3      | Reached skill level 4 in Axes
   259 | D:3      | Reached XP level 5. HP: 45/49 MP: 5/5
   288 | D:4      | Found a shimmering altar of Xom.
   378 | D:4      | Reached XP level 6. HP: 35/56 MP: 6/6
   526 | D:4      | Found an ornate altar of the Wu Jian Council.
   528 | D:4      | Found a stormy altar of Qazlal.
   611 | D:4      | Reached skill level 5 in Axes
   781 | D:4      | Found an iron altar of Okawaru.
   790 | D:4      | Found a radiant altar of Vehumet.
  1020 | D:4      | Found a staircase to the Ecumenical Temple.
  1040 | Temple   | Entered the Ecumenical Temple
  1324 | D:5      | Entered Level 5 of the Dungeon
  1338 | D:5      | Noticed Pikel
  1338 | D:5      | Noticed a slave
  1338 | D:5      | Noticed a slave
  1338 | D:5      | Noticed a slave
  1338 | D:5      | Noticed a slave
  1348 | D:5      | Killed a slave
  1373 | D:5      | Killed Pikel
  1373 | D:5      | Reached skill level 6 in Axes
  1373 | D:5      | Reached skill level 5 in Armour
  1373 | D:5      | Reached skill level 5 in Shields
  1373 | D:5      | Reached XP level 7. HP: 31/66 MP: 6/6
  1390 | D:5      | Noticed Grinder
  1443 | D:5      | Paralysed by Grinder for 7 turns
  1450 | D:5      | Killed Grinder
  1450 | D:5      | Reached skill level 7 in Axes
  1450 | D:5      | Reached XP level 8. HP: 48/73 MP: 7/7
  2602 | D:7      | Reached skill level 5 in Fighting
  2686 | D:7      | Reached skill level 8 in Axes
  2816 | D:7      | HP: 2/74 [something (5)]
  2817 | D:7      | Slain by a sky beast

Levels and vault maps discovered:
D:1:      co_arrival_square_in_a_square_in_a_square, layout_basic,
          minmay_box_of_dots
D:2:      layout_rooms
D:3:      layout_rooms, makhleb_heckhound_becter, nemelex_altar_shiori
D:4:      layout_loops_cross, xom_teletrap_fun, amethyst_overflow_temple_binary,
          chequers_temple_overflow_statue_of_worship, temple_green
D:5:      layout_loops_ring, first_ration, uniq_grinder, uniq_pikel
D:6:      layout_loops_cross
D:7:      layout_loops_corners
Temple:   regret_index_temple_generic_petals

Skill      XL: |  1  2  3  4  5  6  7  8 |
---------------+-------------------------+-----
Axes           | 3 4 6 7 8 |  8.2
Fighting       | 3 4 5 |  5.3
Armour         | 4 5 6 |  6.4
Shields        | 4 5 6 |  6.4

Action                   |  1- 3 |  4- 6 |  7- 9 || total
-------------------------+-------+-------+-------++-------
Melee: War axe           |    79 |   179 |   186 ||   444
 Abil: Heal Wounds       |     4 |     4 |    11 ||    19
  Eat: Chunk             |       |     2 |     2 ||     4
       Ration            |       |     1 |       ||     1
Armor: Scale mail        |    73 |    59 |       ||   132
       Chain mail        |       |    23 |    74 ||    97
Dodge: Dodged            |    44 |    94 |    39 ||   177
Block: Kite shield       |    55 |   103 |    74 ||   232

Table legend:
 A = Non-vault XP
 B = Vault XP
 C = Vault XP percentage of total XP
 D = Non-vault monster count
 E = Vault monster count
 F = Vault count percentage of total count
                 A         B        C        D         E       F
            +---------+---------+-------+---------+---------+-------
      Total |    1616 |     934 |  36.6 |      84 |       2 |   2.3
            +---------+---------+-------+---------+---------+-------
        D:1 |      16 |       0 |   0.0 |       8 |       0 |   0.0
        D:2 |      34 |       0 |   0.0 |       7 |       0 |   0.0
        D:3 |     163 |       0 |   0.0 |      21 |       0 |   0.0
        D:4 |     381 |       0 |   0.0 |      20 |       0 |   0.0
        D:5 |     242 |     934 |  79.4 |       7 |       2 |  22.2
        D:6 |     144 |       0 |   0.0 |       9 |       0 |   0.0
        D:7 |     636 |       0 |   0.0 |      12 |       0 |   0.0
            +---------+---------+-------+---------+---------+-------
